 Dungeon Crawl Stone Soup version 0.25.0-26-g0c896c7088 (webtiles) character file.

Game seed: 3187267666574315207

17538 Exodus22XD the Spear-Bearer (level 12, -4/89 HPs)
             Began as a Demonspawn Gladiator on July 4, 2020.
             Was a Believer of Uskayaw.
             Shot with an arrow by a centaur warrior (13 damage)
             ... on level 13 of the Dungeon.
             The game lasted 00:27:17 (14095 turns).

Exodus22XD the Spear-Bearer (Demonspawn Gladiator) Turns: 14095, Time: 00:27:17

Health: -4/89      AC: 11    Str: 21    XL:     12   Next: 19%
Magic:  17/17      EV: 14    Int: 16    God:    Uskayaw [**....]
Gold:   755        SH: 12    Dex: 16    Spells: 11/11 levels left

rFire    + . .     SeeInvis +   M - +2 trident (flame)
rCold    + . .     Gourm    .   z - +1 kite shield {rN+}
rNeg     + . .     Faith    +   J - +1 ring mail of Kindness {Str+3 Int+4 Slay+2 Stlth+} (curse)
rPois    +         Spirit   .   c - +0 helmet
rElec    .         Reflect  .   F - +0 cloak
rCorr    .         Harm     .   y - +0 pair of gloves of Foolhardiness {rPois}
MR       .....                  (boots unavailable)
Stlth    +++++.....             K - amulet "Fuipsor" {Faith *Drain rF+ Dex+2 SInv}
HPRegen  0.24/turn              h - ring of protection from cold
MPRegen  0.15/turn              A - ring of stealth

@: no status effects
A: talons 3, demonic guardian 2, spiny 2
a: Stomp, Line Pass, Renounce Religion


You were on level 13 of the Dungeon.
You worshipped Uskayaw.
Uskayaw was noncommittal.
You were not hungry.

You visited 2 branches of the dungeon, and saw 14 of its levels.

You collected 755 gold pieces.

Inventory:

Hand Weapons
 a - a +0 trident
 r - a +3 scimitar of flaming
 x - a +4 antimagic spear
 M - a +2 trident of flaming (weapon)
Missiles
 d - 6 throwing nets (quivered)
Armour
 c - a +0 helmet (worn)
 y - the +0 pair of gloves of Foolhardiness (worn) {rPois}
   (You found it on level 8 of the Dungeon)

   It protects you from poison.
 z - a +1 kite shield of positive energy (worn)
 C - the +7 plate armour of Evolution {+Blink MR- Dex+4}
   (You found it on level 8 of the Dungeon)

   It affects your dexterity (+4).
   It affects your resistance to hostile enchantments.
   It lets you blink.
 F - a +0 cloak (worn)
 J - the cursed +1 ring mail of Kindness (worn) {Str+3 Int+4 Slay+2 Stlth+}
   (You found it on level 12 of the Dungeon)

   It affects your strength (+3).
   It affects your intelligence (+4).
   It affects your accuracy and damage with ranged weapons and melee attacks
   (+2).
   It makes you more stealthy.
   It has a curse placed upon it.
 L - +0 steam dragon scales
Jewellery
 h - a ring of protection from cold (left hand)
 u - a +6 ring of intelligence
 A - a ring of stealth (right hand)
 K - the amulet "Fuipsor" (around neck) {Faith *Drain rF+ Dex+2 SInv}
   (You found it on level 11 of the Dungeon)

   [amulet of faith]

   It allows you to gain divine favour quickly.
   It affects your dexterity (+2).
   It protects you from fire.
   It lets you see invisible.
   It causes draining when unequipped.
 O - an uncursed ring of ice
 P - an uncursed amulet of reflection {unknown}
Wands
 t - a wand of paralysis (15)
 E - a wand of polymorph (16)
 G - a wand of iceblast (21)
 I - a wand of digging (3)
 N - a wand of enslavement (7)
Scrolls
 e - 7 scrolls of remove curse
 g - 3 scrolls of fog
 j - 3 scrolls of blinking
 l - 2 scrolls of magic mapping
 m - a scroll of enchant weapon
 o - 6 scrolls of teleportation
 v - 2 scrolls of fear
 Q - a scroll of identify
Potions
 b - 3 potions of lignification
 i - a potion of cancellation
 k - a potion of degeneration {unknown}
 p - 5 potions of heal wounds
 q - 2 potions of flight
 s - 2 potions of might
 w - a potion of invisibility
 B - 7 potions of curing
 D - 2 potions of resistance
 H - a potion of brilliance
Comestibles
 f - 32 rations
 n - a chunk of flesh


   Skills:
 + Level 6.8 Fighting
 + Level 10.5 Polearms
 - Level 1.7 Throwing
 + Level 6.5 Armour
 + Level 6.6 Dodging
 + Level 6.8 Stealth
 * Level 7.6 Shields
 * Level 7.5 Invocations


You had 11 spell levels left.
You didn't know any spells.
Your spell library contained the following spells:

 Spells                   Type           Power        Failure   Level  Hunger
 Animate Skeleton         Necr           N/A          71%         1    ##.....
 Apportation              Tloc           #.....       71%         1    ##.....
 Corona                   Hex            #......      71%         1    ##.....
 Summon Small Mammal      Summ           #...         71%         1    ##.....


Dungeon Overview and Level Annotations

Branches:
Dungeon (13/15)            Temple (1/1) D:4            Lair (0/6) D:10
    Orc (0/2) D:12
 Vaults: D:13-14

Altars:
Ashenzari
Cheibriados
Dithmenos
Elyvilon
Fedhas
Gozag
Hepliaklqana
Kikubaaqudgha
Makhleb
Nemelex Xobeh
Okawaru
Qazlal
Ru
Sif Muna
Trog
Uskayaw
Vehumet
Wu Jian
Xom
Yredelemnul
Zin
The Shining One


Innate Abilities, Weirdness & Mutations

You have claws for feet.
A demonic guardian rushes to your aid.
You are mostly covered in sharp spines.


Message History

The brown ugly thing is almost dead.
You block the brown ugly thing's attack.
The brown ugly thing pecks you!
You are splashed with acid.
You are too injured to fight recklessly!
The centaur shouts!
You hear a shout!
The centaur wields a +3 shortbow.
The centaur shoots an arrow.
The arrow hits you!
You see here an arrow.
A centaur warrior comes into view.
The centaur shoots an arrow.
The arrow hits you.
You hear a shout! x2
The centaur warrior wields a +0 shortbow.
The centaur warrior shoots an arrow.
The arrow hits you!!
* * * LOW HITPOINT WARNING * * *
The centaur shoots an arrow.
The arrow misses you.
You hear a shout!
You see here an arrow.
The centaur shoots an arrow.
The arrow misses you.
The centaur warrior shoots an arrow.
The arrow hits you!
You die...

#........# #........# #..
#........# #..# #........#
#..# #........# #..#
#...†....# #..# #........#
######..###....)...#
...........u@..÷...##########
#.........4>............)..
#.....$.....##########..###
#...(.......# #..#
#...........# #..#
#..c.?......# #..#
#..c........# #..#
#...........# #..#
#...........# #..#


You could see a brown ugly thing, a centaur warrior, a centaur and a friendly
ice devil (summoned).

Vanquished Creatures
  Fannar (D:12)
  2 two-headed ogres (D:12)
  A tengu warrior (D:13)
  Nergalle (D:10)
  An unseen horror (D:13)
  3 deep elf magi
  Pikel (D:7)
  An ugly thing (D:12)
  2 gargoyles
  A troll (D:12)
  A hornet (D:13)
  3 hippogriffs
  The ghost of ohados the Magician, an amateur OpWz (D:5)
  A wraith (D:12)
  2 vampires (D:13)
  A steam dragon (D:11)
  An acid dragon (D:13)
  5 ice beasts
  4 sky beasts
  6 orc warriors
  A slave (D:7)
  2 black bears
  A hornet zombie (D:9)
  2 phantoms
  7 ogres
  3 centaurs
  A crocodile (D:8)
  A big kobold (D:9)
  A gnoll sergeant (D:8)
  9 bullfrogs
  18 killer bees
  8 wights (D:11)
  3 howler monkeys
  2 crimson imps
  2 bullfrog zombies
  2 centaur zombies
  4 jellies
  A quasit (D:5)
  10 orc priests
  3 gnoll shamans (D:3)
  17 orc wizards
  2 bullfrog skeletons
  7 hounds
  Terence (D:3)
  2 iguanas
  Natasha (twice) (D:2)
  10 worker ants
  A hound skeleton (D:5)
  47 gnolls
  10 adders
  4 shadow imps
  3 oozes
  An adder zombie (D:8)
  4 worms
  5 dart slugs
  7 leopard geckos
  63 orcs
  A ball python (D:8)
  8 giant cockroaches
  9 goblins
  4 hobgoblins
  25 jackals
  18 kobolds
  11 quokkas
  8 bats
  9 frilled lizards
  2 quokka zombies
  2 rats (D:1)
403 creatures vanquished.

Vanquished Creatures (collateral kills)
  A hydra (D:12)
  Erica (D:10)
  A two-headed ogre (D:9)
  A tengu warrior (D:13)
  A manticore (D:11)
  A gargoyle (D:11)
  A queen bee (D:8)
  Sigmund (D:6)
  A hippogriff (D:13)
  Menkaure (D:4)
  A black bear (D:13)
  2 ogres
  7 killer bees (D:8)
  A jelly (D:13)
  A bullfrog skeleton (D:13)
  A gnoll shaman (D:3)
  2 orc priests (D:7)
  An orc wizard (D:5)
  Natasha (D:2)
  5 gnolls (D:3)
  An orc (D:7)
33 creatures vanquished.

Vanquished Creatures (others)
  A troll (D:9)
  A sky beast (D:7)
  A wight (D:9)
  A jelly (D:9)
  A hound zombie (D:9)
  An orc (D:9)
6 creatures vanquished.

Grand Total: 442 creatures vanquished

Notes
Turn   | Place    | Note
-------+----------+-------------------------------------------
     0 | D:1      | Exodus22XD the Demonspawn Gladiator began the quest for the
                  | Orb.
     0 | D:1      | Reached XP level 1. HP: 16/16 MP: 1/1
   256 | D:1      | Gained mutation: You are partially covered in sharp spines.
                  | [demonic ancestry]
   256 | D:1      | Reached XP level 2. HP: 21/22 MP: 2/2
   779 | D:1      | Reached skill level 3 in Polearms
   779 | D:1      | Gained mutation: A weak demonic guardian rushes to your
                  | aid. [demonic ancestry]
   779 | D:1      | Reached XP level 3. HP: 27/27 MP: 3/3
   944 | D:2      | Noticed Natasha
   952 | D:2      | Killed Natasha
  1044 | D:2      | Noticed Natasha
  1050 | D:2      | Killed Natasha
  1050 | D:2      | Gained mutation: You are mostly covered in sharp spines.
                  | [demonic ancestry]
  1050 | D:2      | Reached XP level 4. HP: 20/33 MP: 4/4
  1076 | D:2      | Noticed Natasha
  1081 | D:2      | Killed Natasha
  1081 | D:2      | Reached skill level 1 in Armour
  1081 | D:2      | Reached skill level 1 in Stealth
  1601 | D:2      | Reached XP level 5. HP: 35/38 MP: 5/5
  2191 | D:3      | Found a snail-covered altar of Cheibriados.
  2278 | D:3      | Noticed Terence
  2305 | D:3      | Killed Terence
  2305 | D:3      | Reached skill level 4 in Polearms
  2564 | D:3      | Noticed an ogre
  2582 | D:3      | Reached XP level 6. HP: 29/46 MP: 6/6
  2668 | D:3      | Gained mutation: You have sharp toenails. [demonic
                  | ancestry]
  2668 | D:3      | Reached XP level 7. HP: 21/52 MP: 7/7
  2681 | D:3      | Reached skill level 5 in Polearms
  3495 | D:3      | Reached skill level 5 in Dodging
  4212 | D:3      | Found a bloodstained altar of Trog.
  4806 | D:4      | Reached skill level 6 in Polearms
  4831 | D:4      | Gained mutation: A demonic guardian rushes to your aid.
                  | [demonic ancestry]
  4831 | D:4      | Reached XP level 8. HP: 50/58 MP: 8/8
  4876 | D:4      | Found a staircase to the Ecumenical Temple.
  4917 | Temple   | Entered the Ecumenical Temple
  5132 | D:4      | Noticed Menkaure
  5139 | D:4      | Killed Menkaure
  5411 | D:5      | Entered Level 5 of the Dungeon
  5520 | D:5      | Found an ancient bone altar of Kikubaaqudgha.
  5866 | D:5      | Found a runed translucent door.
  5869 | D:5      | Noticed ohados's ghost (amateur OpWz)
  5889 | D:5      | Killed ohados's ghost
  6098 | D:5      | Reached skill level 7 in Polearms
  6136 | D:5      | Found an iron altar of Okawaru.
  6235 | D:5      | Found a sparkling altar of Nemelex Xobeh.
  6235 | D:5      | Found a blossoming altar of Fedhas.
  6269 | D:5      | Found a radiant altar of Vehumet.
  6271 | D:5      | Found a faded altar of an unknown god.
  6272 | D:5      | Found a shimmering blue altar of Sif Muna.
  6476 | D:6      | Noticed Sigmund
  6496 | D:6      | Killed Sigmund
  6496 | D:6      | Reached skill level 1 in Shields
  6821 | D:6      | Found a stormy altar of Qazlal.
  6898 | D:7      | Noticed Pikel
  6900 | D:7      | Reached XP level 9. HP: 61/65 MP: 9/9
  6915 | D:7      | Killed Pikel
  7450 | D:8      | Found a glowing silver altar of Zin.
  7455 | D:8      | Found a hazy altar of Hepliaklqana.
  7510 | D:8      | Reached skill level 8 in Polearms
  7959 | D:8      | Reached skill level 5 in Armour
  7980 | D:8      | Got a pair of slimy gloves
  7991 | D:8      | Identified the +0 pair of gloves of Foolhardiness {rPois}
                  | (You found it on level 8 of the Dungeon)
  8033 | D:8      | Reached skill level 5 in Fighting
  8034 | D:8      | Noticed a queen bee
  8044 | D:8      | Killed a queen bee
  8056 | D:8      | Gained mutation: You have razor-sharp toenails. [demonic
                  | ancestry]
  8056 | D:8      | Reached XP level 10. HP: 36/74 MP: 3/10
  8774 | D:8      | Got a masterwork plate armour
  8785 | D:8      | Identified the +7 plate armour of Evolution {+Blink MR-
                  | Dex+4} (You found it on level 8 of the Dungeon)
  8919 | D:8      | Found a hazy altar of Hepliaklqana.
  8936 | D:8      | Found a hide-covered altar of Uskayaw.
  8936 | D:8      | Noticed a +0 dagger
  8938 | D:8      | Noticed a +0 dagger
  8949 | D:8      | Became a worshipper of Uskayaw the Reveler
  9087 | D:9      | Reached * piety under Uskayaw
  9091 | D:9      | Reached ** piety under Uskayaw
  9097 | D:9      | Reached *** piety under Uskayaw
  9153 | D:9      | Reached skill level 1 in Invocations
  9290 | D:9      | Reached **** piety under Uskayaw
  9355 | D:9      | Reached skill level 5 in Shields
  9729 | D:9      | Found a shimmering altar of Xom.
  9875 | D:9      | Found a stormy altar of Qazlal.
  9951 | D:9      | Noticed a two-headed ogre
  9957 | D:9      | Killed a two-headed ogre
  9957 | D:9      | Reached skill level 9 in Polearms
 10109 | D:10     | Entered Level 10 of the Dungeon
 10109 | D:10     | Noticed Nergalle
 10109 | D:10     | Noticed a gargoyle
 10111 | D:10     | Found a shadowy altar of Dithmenos.
 10122 | D:10     | Killed Nergalle
 10139 | D:10     | Reached ***** piety under Uskayaw
 10140 | D:10     | Killed a gargoyle
 10599 | D:10     | Found a staircase to the Lair.
 10822 | D:10     | Found a shimmering blue altar of Sif Muna.
 10978 | D:10     | Reached XP level 11. HP: 73/81 MP: 4/14
 11105 | D:10     | Noticed Erica
 11120 | D:10     | Killed Erica
 11245 | D:10     | Reached skill level 5 in Invocations
 11794 | D:11     | Got a sparkling emerald amulet
 11924 | D:11     | Identified the amulet "Fuipsor" {Faith *Drain rF+ Dex+2
                  | SInv} (You found it on level 11 of the Dungeon)
 12110 | D:11     | Reached skill level 5 in Stealth
 12497 | D:12     | Got a steaming ring mail
 12508 | D:12     | Identified the cursed +1 ring mail of Kindness {Str+3 Int+4
                  | Slay+2 Stlth+} (You found it on level 12 of the Dungeon)
 12698 | D:12     | Noticed a seven-headed hydra
 12706 | D:12     | Killed a seven-headed hydra
 12787 | D:12     | Found a shattered altar of Ashenzari.
 12789 | D:12     | Noticed a deep elf mage
 12813 | D:12     | Killed a deep elf mage
 12953 | D:12     | Noticed a deep elf mage
 12970 | D:12     | Noticed a two-headed ogre
 12970 | D:12     | Noticed a cyan ugly thing
 12975 | D:12     | Killed a two-headed ogre
 12981 | D:12     | Killed a cyan ugly thing
 12989 | D:12     | Killed a deep elf mage
 12989 | D:12     | Reached skill level 10 in Polearms
 13087 | D:12     | Found a staircase to the Orcish Mines.
 13132 | D:12     | Noticed a two-headed ogre
 13138 | D:12     | Killed a two-headed ogre
 13229 | D:12     | Noticed Fannar
 13251 | D:12     | Killed Fannar
 13287 | D:12     | Found an ornate altar of the Wu Jian Council.
 13770 | D:13     | Gained mutation: You have claws for feet. [demonic
                  | ancestry]
 13770 | D:13     | Reached XP level 12. HP: 28/89 MP: 17/17
 14055 | D:13     | Noticed a tengu warrior
 14056 | D:13     | Noticed a tengu warrior
 14063 | D:13     | Killed a tengu warrior
 14066 | D:13     | Killed a tengu warrior
 14093 | D:13     | Noticed a centaur warrior
 14095 | D:13     | Shot with an arrow by a centaur warrior

Illustrated notes

Levels and vault maps discovered:
D:1:      scummos_arrival_hexagon, layout_basic
D:2:      layout_loops_ring, uniq_natasha
D:3:      lemuel_castle_with_subvaults [lemuel_castle_interior_original],
          layout_basic, kennysheep_slug_shrine, trog_three_pillars_becter,
          uniq_terence
D:4:      layout_loops_ring, minmay_temple_entry_poolview, first_ration,
          uniq_menkaure
D:5:      layout_loops_ring, overflow_temple_1_default, lemuel_doored_altar,
          chequers_temple_overflow_minitemple, ebering_ghost_reflecting_pool,
          st_stairs_9
D:6:      layout_rooms, nicolae_qazlal_eye_of_the_storm, uniq_sigmund
D:7:      layout_cave_pools, minivault_19, uniq_pikel
D:8:      layout_gridville, lemuel_crystal_altar, kennysheep_little_box,
          dancing_weapons_uskayaw, basic_altar, david_nohive_1
D:9:      layout_long_grid, lemuel_coloured_pillars_altar, xom_confusion_cloud
D:10:     layout_cave_pods, lair_entry_dummy, basic_altar, tgw_sif,
          uniq_nergalle, uniq_erica
D:11:     layout_stronghold
D:12:     layout_basic, orc_0_dummy, hangedman_feature_mirror, uniq_fannar
D:13:     layout_small_grid, hangedman_decor_points,
          ebering_dispersal_statue_hall, minmay_liquid_box
Temple:   eino_wide_crystal_templ

Skill      XL: |  1  2  3  4  5  6  7  8  9 10 11 |
---------------+----------------------------------+-----
Dodging        | 3 4 5 6 |  6.6
Polearms       | 3 4 6 7 8 9 10 | 10.5
Armour         | 1 2 4 5 6 |  6.5
Stealth        | 1 2 4 6 |  6.8
Fighting       | 3 4 5 6 |  6.8
Shields        | 1 4 5 7 |  7.6
Invocations    | 4 7 |  7.5
Throwing       | |  1.7

Action                   |  1- 3 |  4- 6 |  7- 9 | 10-12 || total
-------------------------+-------+-------+-------+-------++-------
Melee: Trident           |    77 |   182 |    40 |   158 ||   457
       Spear             |       |       |   475 |   441 ||   916
       Kick              |       |       |    88 |   208 ||   296
Throw: Throwing net      |       |       |       |     1 ||     1
Evoke: Wand              |       |       |       |     1 ||     1
  Use: Scroll            |       |     4 |     9 |     4 ||    17
       Potion            |       |       |     1 |       ||     1
 Stab: Sleeping          |     2 |     1 |     3 |     5 ||    11
       Distracted        |       |       |     3 |     2 ||     5
       Paralysed         |       |       |       |    42 ||    42
  Eat: Chunk             |       |     6 |    17 |    17 ||    40
       Ration            |       |       |       |     1 ||     1
Armor: Leather armour    |    22 |    10 |       |       ||    32
       Ring mail         |       |    21 |    15 |    23 ||    59
       Scale mail        |       |       |    62 |     3 ||    65
       Plate armour      |       |       |       |   103 ||   103
Dodge: Dodged            |    42 |    74 |   153 |    85 ||   354
Block: Kite shield       |       |       |    94 |   177 ||   271
